 Dungeon Crawl Stone Soup version 0.28.0-53-g5a82cb258f (webtiles) character file.

Game seed: 1869351789268593270

119 jjjjhere the Chopper (level 4, 0/37 HPs)
             Began as a Minotaur Enchanter on Oct 29, 2022.
             Was a Believer of Ru.
             Slain by an orc
             ... wielding a +0 flail
              (6 damage)
             ... on level 3 of the Dungeon.
             The game lasted 00:03:18 (3151 turns).

jjjjhere the Chopper (Minotaur Enchanter)           Turns: 3151, Time: 00:03:19

Health: 0/37       AC:  6    Str: 14    XL:     4   Next: 74%
Magic:  5/5        EV: 10    Int: 12    God:    Ru [**....]
Gold:   66         SH:  0    Dex: 11    Spells: 5/5 levels left

rFire   x . .      SeeInvis .   m - +2 hand axe (flame)
rCold   x . .      Faith    .   (no shield)
rNeg    . . .      Spirit   .   v - +0 ring mail
rPois   .          Reflect  .   (helmet restricted)
rElec   .          Harm     .   w - +0 cloak
rCorr   .          Rampage  .   (no gloves)
Will    .....                   (no boots)
Stlth   +.........              n - amulet of the acrobat
HPRegen 0.12/turn               (no ring)
MPRegen 0.09/turn               (no ring)

@: no status effects
A: horns 2, temperature sensitive, retaliatory headbutt
a: Renounce Religion


You were on level 3 of the Dungeon.
You worshipped Ru.
Ru was pleased with you.
You visited 1 branch of the dungeon, and saw 3 of its levels.

You collected 66 gold pieces.

Inventory:

Hand Weapons
 a - a +1 dagger
 d - a +0 hand axe
 h - a +0 morningstar
 m - a +2 hand axe of flaming (weapon)
 r - a +3 vorpal trident
 s - a +2 flail of draining
Armour
 v - a +0 ring mail (worn)
 w - a +0 cloak (worn)
Jewellery
 n - an amulet of the acrobat (around neck)
Scrolls
 e - a scroll of teleportation {unknown}
 f - 2 scrolls of vulnerability {unknown}
 g - 4 scrolls of enchant weapon {unknown}
 i - 4 scrolls of identify {unknown}
 j - 4 scrolls of blinking {unknown}
 o - a scroll of fog {unknown}
 p - a scroll of silence {unknown}
Potions
 b - a potion of degeneration {unknown}
 c - a potion of invisibility
 k - 2 potions of curing {unknown}
 l - a potion of attraction {unknown}
 q - a potion of resistance {unknown}
 t - a potion of berserk rage {unknown}
 u - a potion of heal wounds {unknown}


   Skills:
 - Level 2.8 Fighting
 - Level 1.1 Short Blades
 + Level 4.4 Axes
 - Level 2.1 Dodging
 - Level 2.4 Stealth
 - Level 1.3 Spellcasting
 - Level 2.0 Hexes


You had 5 spell levels left.
You didn't know any spells.
Your spell library contained the following spells:

 Spells                   Type           Power      Damage    Failure   Level
 Animate Skeleton         Necr           0%         N/A       52%         1
 Apportation              Tloc           0%         N/A       52%         1
 Summon Small Mammal      Summ           0%         N/A       52%         1
 Ensorcelled Hibernation  Hex/Ice        6%         N/A       52%         2
 Confusing Touch          Hex            5%         N/A       61%         3
 Tukima's Dance           Hex            5%         N/A       61%         3
 Dazzling Flash           Conj/Hex       6%         N/A       75%         3
 Ozocubu's Armour         Ice            0%         N/A       87%         3
 Anguish                  Hex/Necr       1%         N/A       98%         4
 Metabolic Englaciation   Hex/Ice        1%         N/A       100%        5
 Simulacrum               Ice/Necr       0%         N/A       100%        6
 Enfeeble                 Hex            2%         N/A       100%        7


Dungeon Overview and Level Annotations

Branches:
Dungeon (3/15)

Altars:
Ru


Innate Abilities, Weirdness & Mutations

You have a pair of horns on your head.
You are sensitive to extremes of temperature. (rF-, rC-)
You reflexively headbutt those who attack you in melee.


Message History

You headbutt the quokka.
You kill the quokka!
You hit the orc but do no damage. You headbutt the orc.
Your punch misses the orc.
The orc is severely wounded.
You barely miss the orc. Your headbutt misses the orc.
The orc is severely wounded.
The orc misses you. You furiously retaliate!
You headbutt the orc, but do no damage. You sock the orc!
You kill the orc!
The orc closely misses you.
The orc priest calls down the wrath of Beogh upon you.
Beogh smites you! The orc hits you with a +0 hand axe.
Your +2 hand axe of flaming bursts into flame!
m - a +2 hand axe of flaming (weapon)
You are too injured to fight recklessly!
You are too injured to fight recklessly!
You hit the orc priest. You burn the orc priest.
The orc priest is lightly wounded.
You hit the orc. You burn the orc. The orc priest closely misses you.
The orc hits you with a +0 hand axe.
You hit the orc priest. You burn the orc priest.
The orc priest is moderately wounded.
You hit the orc. You burn the orc.
You redirect the orc priest's attack!
The orc priest hits you with a +0 hand axe.
The orc barely misses you.
You hit the orc priest. You burn the orc priest.
Your headbutt misses the orc priest.
The orc priest is heavily wounded.
You hit the orc. You burn the orc. You hit the orc. You burn the orc.
The orc priest mumbles some strange prayers to Beogh against you.
Pain shoots through your body!
* * * LOW HITPOINT WARNING * * *
You focus your inner power and blind the orc priest in retribution!
The orc hits you with a +0 hand axe.
* * * LOW HITPOINT WARNING * * *
The orc hits you with a +0 flail.
You die...

...##..... .........#
.......# ...........
#......# #.<...
.....#...... #....
.....#..o.. ...
.....#.... #'#
.......o. ###.#
........o#######
....##.........o@.....#
##.............o......#
........##............#
......................#
...#..................#
...#...............####
...................#
...................#
....##.......##....#


You could see an orc priest (blind) and 3 orcs.

Vanquished Creatures
  Jessica (D:3)
  Robin (D:2)
  2 adders (D:2)
  An ufetubus (D:2)
  2 dart slugs (D:2)
  An orc (D:3)
  4 ball pythons
  6 endoplasms
  2 giant cockroaches
  7 hobgoblins
  2 jackals (D:2)
  3 quokkas
  6 bats
  A frilled lizard (D:1)
  6 goblins
  4 kobolds (D:2)
  4 rats
53 creatures vanquished.

Notes
Turn   | Place    | Note
-------+----------+-------------------------------------------
     0 | D:1      | jjjjhere the Minotaur Enchanter began the quest for the
                  | Orb.
     0 | D:1      | Reached XP level 1. HP: 14/14 MP: 1/1
   194 | D:1      | Reached skill level 1 in Fighting
   362 | D:1      | Reached XP level 2. HP: 24/24 MP: 3/3
  1161 | D:2      | Reached skill level 1 in Axes
  1367 | D:2      | Reached XP level 3. HP: 12/30 MP: 4/4
  1626 | D:2      | Noticed Robin
  1628 | D:2      | Reached skill level 2 in Axes
  2143 | D:2      | Killed Robin
  2144 | D:2      | Reached skill level 3 in Axes
  2266 | D:2      | Reached XP level 4. HP: 35/37 MP: 5/5
  2311 | D:2      | Found a faded altar of an unknown god.
  2319 | D:2      | Prayed at the altar of an unknown god.
  2319 | D:2      | Became a worshipper of Ru the Awakened
  2321 | D:2      | Gained mutation: You are sensitive to extremes of
                  | temperature. (rF-, rC-) [Ru sacrifice]
  2321 | D:2      | Reached * piety under Ru
  2321 | D:2      | Reached ** piety under Ru
  3086 | D:3      | Noticed Jessica
  3096 | D:3      | Killed Jessica
  3097 | D:3      | Reached skill level 4 in Axes
  3151 | D:3      | HP: 10/37 [orc priest/nerve-wracking pain (9)]
  3151 | D:3      | Slain by an orc

Illustrated notes

Levels and vault maps discovered:
D:1:      saegor_arrival_fortress, layout_basic
D:2:      minmay_inner_zag, layout_basic, ebering_ecumenical_altar_sacrificial,
          uniq_robin
D:3:      layout_basic, grunt_temple_overflow_order_and_chaos_2, st_stairs_14,
          uniq_jessica

Skill      XL: |  1  2  3  4 |
---------------+-------------+-----
Fighting       | 2 |  2.8
Axes           | 1 3 4 |  4.4
Short Blades   | |  1.1
Dodging        | |  2.1
Stealth        | |  2.4
Spellcasting   | |  1.3
Hexes          | |  2.0

Action                   |  1- 3 |  4- 6 || total
-------------------------+-------+-------++-------
Melee: Hand axe          |    71 |     9 ||    80
       Dagger            |     4 |       ||     4
       Headbutt          |     7 |     3 ||    10
       Punch             |     1 |     1 ||     2
       Trident           |     2 |       ||     2
       Flail             |       |    16 ||    16
Invok: Sacrifice Resista |       |     1 ||     1
 Stab: Sleeping          |     3 |       ||     3
Armor: Robe              |    12 |       ||    12
       Ring mail         |       |     4 ||     4
Dodge: Dodged            |    74 |    21 ||    95
